Cogmind - Beta 13 @@@ ROGUE MODE // 2024.04.23 @ 12:56:45 Player: RKyeun Result: Self-destructed Performance ------------- Evolutions (1) 500 Regions Visited (3) 600 Robots Destroyed (13) 65 Value Destroyed (228) 228 Prototype IDs (1) 20 Alien Tech Used (0) 0 Bonus (0) 0 TOTAL SCORE: 1413 Bonus ------- None Cogmind --------- Core Integrity 350/400 Matter 226/300 Energy 263/265 System Corruption 0% Temperature Cool (4) Movement Flying (31) Location -9/Materials Parts ------- > --- POWER (1) -------- Improved Ion Engine > --- PROPULSION (4) --- Flight Unit Flight Unit Flight Unit Flight Unit > --- UTILITY (2) ------ Core Shielding Power Shielding > --- WEAPON (2) ------- Heavy Assault Rifle Light Cannon > --- INVENTORY (5) ---- Light Ion Engine Cooled Ion Engine Medium Armor Plating Light Assault Rifle Shotgun Peak State ------------ > --- POWER ------------ Cooled Ion Engine > --- PROPULSION ------- Flight Unit Flight Unit Flight Unit Flight Unit > --- UTILITY ---------- Core Shielding Power Shielding > --- WEAPON ----------- Shotgun Shotgun > --- INVENTORY -------- Light Ion Engine Flight Unit Light Assault Rifle Light Assault Rifle Light Assault Rifle [Rating: 13] Favorites ----------- Power Ion Engine Engine Ion Engine Propulsion Flight Unit Treads Light Treads Flight Unit Flight Unit Utility Power Shielding Device Terrain Scanner Storage Small Storage Unit Protection Power Shielding Weapon Light Assault Rifle Energy Gun Small Laser Ballistic Gun Light Assault Rifle Ballistic Cannon Light Cannon Build | -11 -10 -10 -9 ------- Run | Yrd Mat Min Mat Slots Evolved 2 | . . . 2 Power . | . . . . Propulsion 2 | . . . 2 Utility . | . . . . Weapon . | . . . . Parts Attached 27 | 6 11 . 10 Power 6 | 1 2 . 3 Engine 6 | 1 2 . 3 Core . | . . . . Reactor . | . . . . Propulsion 8 | 2 3 . 3 Treads 2 | 2 . . . Leg . | . . . . Wheel . | . . . . Hover . | . . . . Flight 6 | . 3 . 3 Utility 4 | 1 3 . . Device 1 | . 1 . . Storage 1 | 1 . . . Processor . | . . . . Hackware . | . . . . Protection 2 | . 2 . . Artifact . | . . . . Weapon 9 | 2 3 . 4 Energy Gun 2 | 1 1 . . Energy Cannon . | . . . . Ballistic Gun 6 | 1 2 . 3 Ballistic Cannon 1 | . . . 1 Launcher . | . . . . Special Weapon . | . . . . Impact Weapon . | . . . . Slashing Weapon . | . . . . Piercing Weapon . | . . . . Special Melee Weapon . | . . . . Unidentified Prototypes 1 | . . . 1 Parts Lost 2 | . . . 2 Power 1 | . . . 1 Propulsion 1 | . . . 1 Utility . | . . . . Weapon . | . . . . Highest Loss Streak 1 | . . . 1 To Critical Strikes . | . . . . Average Slot Usage (%) 97 | . 97 100 99 Engine 12 | . 14 14 11 Treads 9 | . 15 . . Flight 23 | . 12 28 43 Device 4 | . 7 . . Storage 5 | . 8 . . Protection 14 | . 9 28 22 Energy Gun 4 | . 7 . . Ballistic Gun 18 | . 19 28 15 Ballistic Cannon 2 | . . . 6 Naked Turns . | . . . . Heaviest Build 16 | 12 13 7 16 Greatest Support 40 | 40 40 8 16 Greatest Overweight (x) 1 | . . . 1 Average Overweight (x) . | . . . . Largest Inventory Capacity 8 | 8 8 5 5 Average Capacity 6 | 7 6 5 5 Most Carried 6 | 4 6 5 5 Average Carried 4 | 1 4 5 4 Final Capacity 8 | 8 5 5 5 Final Carried 5 | 2 5 5 5 Class Distribution -------------------- 69% | Mutant 16% | Sprinter 9% | Scavenger-Sprinter 4% | Scavenger-Mutant Dominant Class ---------------- Mutant | -10/Materials Scavenger-Mutant | -10/Mines Sprinter | -9/Materials Resources | -11 -10 -10 -9 ----------- Run | Yrd Mat Min Mat Matter Collected 540 | 232 161 . 147 Remotely . | . . . . Salvage Created 407 | . 178 . 229 Parts 28 | . 16 . 12 Haulers Intercepted . | . . . . Recyclers Shooed 1 | . 1 . . Parts Field Recycled . | . . . . Retrieved Matter . | . . . . Parts Self-Destructed . | . . . . Prevented . | . . . . Kills | -11 -10 -10 -9 ------- Run | Yrd Mat Min Mat Combat Hostiles Destroyed 9 | . 6 . 3 Guns 6 | . 6 . . Cannons 3 | . . . 3 Classes Destroyed 6 | . 2 . 4 Recycler 2 | . 1 . 1 Operator 1 | . . . 1 Watcher 1 | . . . 1 Swarmer 6 | . 6 . . Grunt 1 | . . . 1 Sentry 2 | . . . 2 Best Kill Streak 3 | . 3 . 2 Combat Bots Only 3 | . 3 . 2 Max Kills in Single Turn 1 | . 1 . 1 Gunslinging . | . . . . Exploded . | . . . . Melee . | . . . . Uniques/NPCs Destroyed . | . . . . Combat | -11 -10 -10 -9 -------- Run | Yrd Mat Min Mat Hostile Shots Fired 68 | . 43 4 21 Missed 18 | . 9 3 6 Damage Taken 511 | . 279 10 222 Core 107 | . 57 . 50 Absorbed by Shields . | . . . . Redirected to Shielding 25 | . 10 . 15 Core Remaining (%) 88 | 100 . 77 . Volleys Fired 42 | . 27 . 15 Largest 2 | . 2 . 2 Hottest 60 | . 60 . 58 Shots Fired 74 | . 52 . 22 Gun 63 | . 52 . 11 Cannon 11 | . . . 11 Launcher . | . . . . Special . | . . . . Kinetic 62 | . 40 . 22 Thermal 12 | . 12 . . Explosive . | . . . . Electromagnetic . | . . . . Robot Hit Streak 8 | . 7 . 8 Robot Miss Streak 5 | . 3 . 5 Penetration Max . | . . . . Secondary Targets 1 | . 1 . . Max Gunslinging Chain 1 | . 1 . . Shots Hit Robots 44 | . 30 . 14 Core Hits 20 | . 12 . 8 Critical Kills . | . . . . Critical Parts Destroyed . | . . . . Critical Strikes 1 | . . . 1 Blast 1 | . . . 1 Melee Attacks . | . . . . Impact . | . . . . Slashing . | . . . . Piercing . | . . . . Sneak Attacks . | . . . . Combat Hostiles . | . . . . Follow-up Attacks . | . . . . Damage Inflicted 471 | . 246 . 225 Guns 315 | . 246 . 69 Cannons 156 | . . . 156 Explosions . | . . . . Melee . | . . . . Ramming . | . . . . Kinetic 404 | . 179 . 225 Thermal 67 | . 67 . . Explosive . | . . . . Electromagnetic . | . . . . Impact . | . . . . Slashing . | . . . . Piercing . | . . . . Highest Corruption 2 | . 2 2 . Average Corruption 2 | . 2 2 . Corruption Purged . | . . . . Corruption Blocked . | . . . . Effects 4 | . 4 . . Matter Fused 2 | . 2 . . Energy Discharges 2 | . 2 . . Overload Shots . | . . . . Overflow Damage . | . . . . Projectiles . | . . . . Explosions . | . . . . Melee . | . . . . Knockbacks . | . . . . Impact . | . . . . Kinetic . | . . . . Secondary . | . . . . Self-Inflicted Damage . | . . . . Shots . | . . . . Rammed . | . . . . Targets Rammed . | . . . . Kicked . | . . . . Crushed . | . . . . Highest Temperature 40 | . 40 . 23 Average Temperature 10 | . 11 . 8 Received Heat Transfer 105 | . . . 105 Siege Activations . | . . . . Robots Corrupted . | . . . . Combat Hostiles . | . . . . Parts Fried . | . . . . Impact Corruptions . | . . . . Robots Melted . | . . . . Combat Hostiles . | . . . . Parts Melted . | . . . . Heat Transferred 150 | . 150 . . Parts Sabotaged . | . . . . Parts Stolen . | . . . . Parts Stripped . | . . . . Power Chain Reactions . | . . . . Alert | -11 -10 -10 -9 ------- Run | Yrd Mat Min Mat Peak Influence 166 | . 149 57 166 Initial 57 | . . 57 22 Average 55 | . 57 57 72 Maximum Alert Level . | . . . . Low Security (%) 100 | 100 100 100 100 Level 1 . | . . . . Level 2 . | . . . . Level 3 . | . . . . Level 4 . | . . . . Level 5 . | . . . . High Security . | . . . . Max Security . | . . . . Squads Dispatched 2 | . . . 2 Investigation 1 | . . . 1 Extermination . | . . . . Reinforcement 1 | . . . 1 Assault . | . . . . Garrison . | . . . . Intercept . | . . . . Searches Triggered . | . . . . Construction Impeded . | . . . . Haulers Reinforced . | . . . . Active Scanning Responses . | . . . . Cargo Convoy Interrupts . | . . . . Stealth | -11 -10 -10 -9 --------- Run | Yrd Mat Min Mat Distress Signals 1 | . . . 1 Communications Jammed . | . . . . Distress Signals . | . . . . Times Spotted 21 | . 12 5 4 Peak Tracking Total 5 | . 3 5 3 Tactical Retreats 2 | . 2 . . Traps | -11 -10 -10 -9 ------- Run | Yrd Mat Min Mat Traps Triggered 1 | . 1 . . Indirectly . | . . . . Trap Hack Attempts . | . . . . Triggered . | . . . . Disarmed . | . . . . Reprogrammed . | . . . . Reused . | . . . . Traps Extracted . | . . . . Installed . | . . . . Triggered . | . . . . Machines | -11 -10 -10 -9 ---------- Run | Yrd Mat Min Mat Machines Disabled . | . . . . Max in Single Turn . | . . . . Machines Repaired . | . . . . Machines Dismantled . | . . . . Machines Sabotaged . | . . . . Overloaded Fab Kills . | . . . . Hacking | -11 -10 -10 -9 --------- Run | Yrd Mat Min Mat Machines Accessed 5 | . 3 . 2 Terminals 4 | . 2 . 2 Fabricators . | . . . . Repair Stations . | . . . . Recycling Units 1 | . 1 . . Scanalyzers . | . . . . Garrison Access . | . . . . Total Hacks 17 | . 12 . 5 Successful 9 | . 7 . 2 Failed 8 | . 5 . 3 Catastrophic 4 | . 1 . 3 Database Lockouts . | . . . . Manual 16 | . 11 . 5 Terminals 12 | . 7 . 5 Fabricators . | . . . . Repair Stations . | . . . . Recycling Units 5 | . 5 . . Scanalyzers . | . . . . Garrison Access . | . . . . Terminal Hacks 3 | . 3 . . Unreport Threat 2 | . 2 . . Zone Layout 1 | . 1 . . Fabricator Hacks . | . . . . Repair Station Hacks . | . . . . Recycling Unit Hacks . | . . . . Scanalyzer . | . . . . Garrison Access Hacks . | . . . . Unauthorized Hacks 6 | . 4 . 2 Terminals 4 | . 2 . 2 Botnet 4 | . 2 . 2 Fabricators . | . . . . Repair Stations . | . . . . Recycling Units 2 | . 2 . . Reject 1 | . 1 . . Mask 1 | . 1 . . Scanalyzers . | . . . . Garrison Access . | . . . . Data Cores Recovered . | . . . . Used . | . . . . Hacking Detections 4 | . 2 . 2 Full Trace Events 1 | . . . 1 Feedback Events . | . . . . Feedback Blocked . | . . . . Robot Schematics Acquired . | . . . . Robots Built . | . . . . Authchips . | . . . . Time . | . . . . Total Robot Build Rating . | . . . . Part Schematics Acquired . | . . . . Parts Built . | . . . . Authchips . | . . . . Time . | . . . . Total Part Build Rating . | . . . . Parts Repaired . | . . . . Time . | . . . . Parts Recycled . | . . . . Recycled Matter . | . . . . Retrieved Matter . | . . . . Retrieved Components . | . . . . Parts Scanalyzed . | . . . . Part Schematics Acquired . | . . . . Parts Damaged . | . . . . Bothacking | -11 -10 -10 -9 ------------ Run | Yrd Mat Min Mat Used RIF Installer . | . . . . Robots Hacked . | . . . . Non-combat . | . . . . Combat . | . . . . Robot Hacks Applied . | . . . . Relay Couplers Released . | . . . . Fabnet Peak Effective % . | . . . . Robots Rewired . | . . . . Allies Hacked . | . . . . Hacks Repelled . | . . . . Allies | -11 -10 -10 -9 -------- Run | Yrd Mat Min Mat Total Allies . | . . . . Largest Group . | . . . . Highest-Rated Group . | . . . . Highest-Rated Ally . | . . . . Total Orders . | . . . . Ally Attacks . | . . . . Total Damage . | . . . . Kills . | . . . . Allies Corrupted . | . . . . Allies Melted . | . . . . Intel | -11 -10 -10 -9 ------- Run | Yrd Mat Min Mat Robot Analysis Total . | . . . . Derelict Logs Recovered . | . . . . Drone Launches . | . . . . Drone Recoveries . | . . . . Exploration | -11 -10 -10 -9 ------------- Run | Yrd Mat Min Mat Turns Passed 555 | 63 311 12 169 Spaces Moved 549 | 37 277 28 207 Core 8 | 8 . . . Treads 108 | 29 79 . . Legs . | . . . . Wheels . | . . . . Hover . | . . . . Flight 433 | . 198 28 207 Fastest Speed 31 | 50 37 37 31 Average Speed 59 | 136 72 37 33 Slowest Speed 160 | 160 160 37 114 Overloaded Moves . | . . . . Propulsion Burnouts . | . . . . Robots Hopped 4 | . 2 . 2 Cave-ins Triggered . | . . . . Exploration Rate (%) 20 | 3 51 10 18 Regions Visited 3 Branch Regions 1 Pre-discovered Areas . | . . . . Known Exits Taken . | . . . . Unknown Exits Taken 3 | 1 1 1 . Scrap Searched 1 | . . 1 . Spaces Dug . | . . . . Terrain Destroyed . | . . . . Melee . | . . . . Projectile . | . . . . AOE . | . . . . Terrain Rammed . | . . . . Walls Destroyed . | . . . . Machines Disabled . | . . . . Actions | -11 -10 -10 -9 --------- Run | Yrd Mat Min Mat Total 708 | 50 346 29 283 Wait 52 | . 9 2 41 Move 538 | 36 272 27 203 Hop 4 | . 2 . 2 Pick Up 26 | 8 12 . 6 Fast Attach 2 | . 1 . 1 Attach 15 | 6 5 . 4 Detach 1 | . 1 . . Swap 11 | . 5 . 6 Drop 17 | . 12 . 5 Fire 42 | . 27 . 15 Melee . | . . . . Ram . | . . . . Kick . | . . . . Crush . | . . . . Escape Stasis . | . . . . Rewire . | . . . . Trap . | . . . . Miscellaneous . | . . . . Route ------- -11/Scrapyard -10/Materials -10/Mines -9/Materials History --------- Turn | Location | Event 6 | -11/Scrapyard | Discovered new exit (range 15) 64 | -11/Scrapyard | Entered Materials 310 | -10/Materials | Build established: Mutant 370 | -10/Materials | Discovered new exit (range 14) 375 | -10/Materials | Entered Mines 382 | -10/Mines | Discovered new exit (range 8) 387 | -10/Mines | Entered Materials 387 | -9/Materials | Evolved 2 slots: Propulsion x2 556 | -9/Materials | Self-destructed Last Messages --------------- 00510_ R-06 Scavenger destroyed. 00513_ Acquired 19 matter. 00538_ G-34 Mercenary destroyed. 00541_ Acquired 1 matter. 00542_ Acquired 35 matter. 00551_ Connecting with Terminal... 00551_ Current location identified: Materials >>Trojan(Botnet) Trojan loaded successfully. Testing... Terminal linked with 0 systems. Awaiting botnet instructions. 00551_ ALERT: Suspicious activity at Terminal M008. Dispatching Investigation squad. 00554_ Connecting with Terminal... >>Trojan(Botnet) Trojan loaded successfully. Testing... Terminal linked with 1 system. Awaiting botnet instructions. Map ----- +----------------------------------------------------+ | | | | | | | | | | | | | | | | | | | | | | | | | ######?????????????????????? | | #?????????????????????? | | #?????????????????????? | | ########??????????????? | | # T #??????????????? | | #+#### #??????????????? | | #[#??# #??????????????? | | #!#??# #??????????????? | | #/#### #??????????????? | | [!= [+ #?????????####?? | | #+##=########?????????# !##? | | !# # !#??????#### !#? | | " # # #??????# !#? | | "" # # = #??????# @#? | | "" # # = #??????+ !#? | | # # "T" #??????# !##? | | [ # # """ #?#+#?## ####?? | | #### ######+### ### #???? | | ???# T" #???? | | ???# " #???? | | ???# #####+####### #???? | | ???# ## #???##+###???? | | ???# ## """ #????????????? | | ???+ ## """ #????????????? | | ???# ## """ #????????????? | | ???# ## #????????????? | | ???# ## #????????????? | | ???# ####+####????????????? | | ???# ?? #???????????????? | | ???# ?? #???????????????? | | ??? "?" #???????????????? | | ??? "?" #???????????????? | | ??? ?"" #???????????????? | | ???# ? #???????????????? | | ??????? +???????????????? | | ???????"" ????????????????? | | ???????"" ????????????????? | | ???????"" ????????????????? | +----------------------------------------------------+ Best States ------------- Heat Dissipation 28 Energy Generation 14 Energy Capacity 280 Matter Stores 300 Matter Capacity 300 Sight Range 16 Terrain Scan Range 14 Terrain Scan Density 10 Core Shielding 20 Power Shielding 33 Evasion (%) 63 Recoil Reduction 2 Item Schematics ----------------- None Robot Schematics ------------------ None Fabricated ------------ Nothing Alien Tech Used ----------------- None Achievements -------------- None Challenges ------------ None Game ------ Seed EfficiencyExperimentalHammer Manual? 0 Play Time 00:16:25 Cumulative 7.9 hours Start 2024.04.23 @ 12:42:13 End 2024.04.23 @ 12:56:45 Sessions 1 Manual Loads 0 Difficulty Rogue Special Mode None Game No. 15 Rogue 15 Adventurer 0 Explorer 0 Win Type - Total 0 Types 0/0/0/0/0/0/0/0/0 Lore% 3 Gallery% 14 Achievement% 13 Wizard Run 0 Options --------- Layout 0 ASCII 0 Keyboard 0 Movement Mouse Keybinds 0 Fullscreen 1 Font 18/SmallcapsGlow Map View 76x50 Zoom Use 0% Tactical HUD 1 Map Filters NONE Filters NONE Steam 0 RUN: 3e63137d-1ef3-4fca-9763-9c9941611b39